 Dungeon Crawl Stone Soup version 0.16.1-11-g651b585 (webtiles) character file.

302 Magnus the Sneak (level 6, 0/47 HPs)
             Began as a Vampire Assassin on Mar 31, 2015.
             Succumbed to a scorpion's poison
             ... on level 4 of the Dungeon.
             The game lasted 00:21:36 (3255 turns).

Magnus the Sneak (Vampire Assassin)                 Turns: 3255, Time: 00:21:36

Health: 0/47       AC:  5    Str: 10    XL:     6   Next: 14%
Magic:  6/6        EV: 13    Int: 13    God:
Gold:   226        SH:  0    Dex: 17    Spells: 0 memorised, 5 levels left

rFire  . . .     SeeInvis +     a - +3 dagger
rCold  . . .     Clarity  .     v - +0 leather armour
rNeg   + . .     SustAb   .     (no shield)
rPois  .         Gourm    .     (no helmet)
rElec  .         Spirit   .     d - +1 cloak
rCorr  .         Warding  .     (no gloves)
rMut   .         Stasis   .     (no boots)
MR     .....                    (no amulet)
Stlth  ++++......               (no ring)
                                j - ring of positive energy

@: lethally poisoned (0 -> -9), very slightly contaminated, regenerating
quickly, hasted, very quick, not resistant to hostile enchantments, stealthy
A: bottle blood, fangs 3, see invisible, unbreathing
a: no special abilities


You were on level 4 of the Dungeon.
You were full.

You visited 1 branch of the dungeon, and saw 4 of its levels.

You collected 226 gold pieces.

Inventory:

Hand weapons
 a - a +3 dagger (weapon)
 b - a +0 blowgun
Missiles
 e - 8 poisoned needles
 f - 2 curare-tipped needles
 q - 6 needles of sleeping
Armour
 d - a +1 cloak (worn)
 n - an ice dragon hide
 p - a +1 ring mail of fire resistance
 v - a +0 leather armour (worn)
Jewellery
 j - a ring of positive energy (left hand)
Scrolls
 c - a scroll of enchant armour
 h - 3 scrolls of identify
 k - 4 scrolls of remove curse
 l - a scroll of enchant weapon
Potions
 g - 9 potions of blood
 i - 2 potions of restore abilities


   Skills:
 + Level 3.2 Fighting
 + Level 3.4 Short Blades
 + Level 2.8 Throwing
 + Level 2.9 Dodging
 + Level 7.2 Stealth


You had 5 spell levels left.
You didn't know any spells.

Dungeon Overview and Level Annotations

Branches:
Dungeon (4/15)
 Temple: D:4-7

Altars:
Ashenzari
Cheibriados
Elyvilon
Fedhas
Sif Muna
Vehumet


Innate Abilities, Weirdness & Mutations

Your natural rate of healing is unusually fast.
You can bottle blood from corpses.
You have razor-sharp teeth.
You have supernaturally acute eyesight.
You can survive without breathing.


Message History

The scorpion poisons you!
You are very lightly contaminated with residual magic.
* * * LOW HITPOINT WARNING * * *
You feel sick.
* * * LOW HITPOINT WARNING * * *
You feel sick. The scorpion barely misses you.
* * * LOW HITPOINT WARNING * * *
You feel sick.
* * * LOW HITPOINT WARNING * * *
You feel sick.
* * * LOW HITPOINT WARNING * * *
You feel sick.
* * * LOW HITPOINT WARNING * * *
You feel sick.
* * * LOW HITPOINT WARNING * * *
You feel sick.
There's nothing here to drain!
Drink which item? (? for menu, Esc to quit)
Yummy - fresh blood!
You die...

#.....#...###...## #(#
....##.....## #.....##.#
#.......# #.##..%)##
#..###..#####.........
.... #..........###.##.#
.#.#...#s.#####.##.. #..
....###....# #.#..# ##.
### ##.....##....# ##
##.@........#####
#.(.......#.....#
#...[.......#
#.........####
#####............#
#......<......##.#
.....$.....###....#.###...
########.## ###....#...#.#
#.# ##............##


You could see a scorpion.

Vanquished Creatures
  A giant frog (D:3)
  A scorpion (D:4)
  A centaur skeleton (D:4)
  An orc priest (D:2)
  5 adders
  An ooze (D:1)
  2 orcs
  3 giant cockroaches
  6 goblins
  12 hobgoblins
  2 jackals (D:3)
  8 kobolds
  3 quokkas
  15 bats
  3 giant geckos
  4 giant newts
  10 rats
78 creatures vanquished.

Notes
Turn   | Place    | Note
--------------------------------------------------------------
     0 | D:1      | Magnus, the Vampire Assassin, began the quest for the Orb.
     0 | D:1      | Reached XP level 1. HP: 16/16 MP: 1/1
   203 | D:1      | Reached skill level 6 in Stealth
   203 | D:1      | Reached XP level 2. HP: 22/22 MP: 2/2
   846 | D:1      | Reached XP level 3. HP: 25/27 MP: 3/3
  1710 | D:2      | Reached XP level 4. HP: 34/34 MP: 4/4
  1911 | D:2      | Found a deep blue altar of Sif Muna.
  2030 | D:3      | Found a radiant altar of Vehumet.
  2560 | D:3      | Reached XP level 5. HP: 40/40 MP: 5/5
  2604 | D:3      | Noticed a giant frog
  2613 | D:3      | Killed a giant frog
  2613 | D:3      | Reached skill level 7 in Stealth
  2669 | D:3      | Found a snail-covered altar of Cheibriados.
  2670 | D:3      | Found a white marble altar of Elyvilon.
  2924 | D:4      | Found a shattered altar of Ashenzari.
  3060 | D:4      | Found a blossoming altar of Fedhas.
  3079 | D:4      | Reached XP level 6. HP: 47/47 MP: 6/6
  3209 | D:4      | Found a blossoming altar of Fedhas.
  3252 | D:4      | HP: 2/47 [poisoned by a scorpion]
  3255 | D:4      | Succumbed to a scorpion's poison

Action                   |  1- 3 |  4- 6 || total
-------------------------+-------+-------++-------
Melee: Dagger            |   105 |   104 ||   209
  Use: Scroll            |       |    12 ||    12
       Potion            |       |    11 ||    11
 Stab: Sleeping          |    16 |    10 ||    26
  Eat: Corpse            |     8 |     6 ||    14
